[Event "POL-chT 2 Liga 2019"]
[Site "Poronin"]
[Date "2019.09.12"]
[Round "6.20"]
[White "Lukasiewicz, Krzysztof"]
[Black "Lizak, Jakub"]
[Result "1-0"]
[ECO "B43"]
[WhiteElo "2254"]
[BlackElo "2236"]
[Annotator "NA"]
[PlyCount "111"]
[EventDate "2019.09.07"]
[EventType "team-tourn"]
[EventCountry "POL"]
[SourceTitle "playchess.com"]
[Source "ChessBase"]
[SourceQuality "1"]
[TimeControl "40/5400+30:1800+30"]

1. e4 c5 2. Nf3 e6 3. d4 cxd4 4. Nxd4 a6 5. Nc3 Qc7 6. g3 Nc6 7. Bg2 Nf6 8. O-O Be7 9. Re1 d6 10. Nxc6 bxc6 11. e5 dxe5 12. Rxe5 Bd6 13. Bf4 Ke7 14. Rc5 Bb7 15. Bxd6+ Qxd6 16. Qxd6+ Kxd6 17. Na4 Nd7 18. Rc3 Kc7 19. Kf1 Rhd8 20. Ke1 e5 21. g4 Nf6 22. g5 Nd5 23. Rc4 Nf4 24. Be4 Ne6 25. Nc5 Nxc5 26. Rxc5 h6 27. gxh6 gxh6 28. Ke2 f6 29. Rg1 Rg8 30. Rg3 Raf8 31. Rgc3 Rg4 32. Bxc6 Rh4 33. Bd5+ Kb6 34. Bxb7 Kxb7 35. Rb3+ Ka7 36. Rc7+ Ka8 37. Rc6 Ka7 38. Ra3 Rxh2 39. Raxa6+ Kb7 40. Rcb6+ Kc7 41. Rxf6 Rxf6 42. Rxf6 h5 43. Re6 h4 44. Rxe5 h3 45. Rh5 Rh1 46. b3 h2 47. c4 Kc6 48. Kf3 Ra1 49. Rxh2 Rxa2 50. Rh5 Rc2 51. Rb5 Kc7 52. Ke3 Rc3+ 53. Ke4 Rc2 54. f4 Re2+ 55. Kf5 Re1 56. Kf6 1-0

[Event "POL-chT 2 Liga 2019"]
[Site "Poronin"]
[Date "2019.09.12"]
[Round "6.21"]
[White "Duda, Lukasz"]
[Black "Jankowiak, Tomasz"]
[Result "0-1"]
[ECO "D02"]
[WhiteElo "2209"]
[BlackElo "2075"]
[Annotator "NA"]
[PlyCount "66"]
[EventDate "2019.09.07"]
[EventType "team-tourn"]
[EventCountry "POL"]
[SourceTitle "playchess.com"]
[Source "ChessBase"]
[SourceQuality "1"]
[TimeControl "40/5400+30:1800+30"]

1. d4 d5 2. Nf3 Nf6 3. Bf4 c5 4. e3 Nc6 5. Nbd2 Qb6 6. dxc5 Qxb2 7. Rb1 Qc3 8. Bb5 e6 9. Nd4 Bd7 10. O-O Qxc5 11. c4 Be7 12. cxd5 Nxd5 13. Ne4 Qa3 14. Rb3 Qxa2 15. Nd6+ Bxd6 16. Bxd6 Nxd4 17. exd4 Bxb5 18. Rxb5 Nc3 19. Qh5 Qa6 20. Qg5 Qxd6 21. Qxg7 Qf8 22. Qe5 Nxb5 23. Qxb5+ Kd8 24. d5 Qd6 25. dxe6 fxe6 26. Rc1 Qd5 27. Qb1 Ke7 28. Rd1 Qf5 29. Qxb7+ Kf6 30. Rd7 Rab8 31. Rf7+ Kg6 32. Rg7+ Kh6 33. Rxh7+ Qxh7 0-1

[Event "POL-chT 2 Liga 2019"]
[Site "Poronin"]
[Date "2019.09.12"]
[Round "6.22"]
[White "Jankowiak, Piotr"]
[Black "Gola, Karol"]
[Result "1/2-1/2"]
[ECO "D00"]
[WhiteElo "1999"]
[BlackElo "2203"]
[Annotator "NA"]
[PlyCount "102"]
[EventDate "2019.09.07"]
[EventType "team-tourn"]
[EventCountry "POL"]
[SourceTitle "playchess.com"]
[Source "ChessBase"]
[SourceQuality "1"]
[TimeControl "40/5400+30:1800+30"]

1. d4 d5 2. Bf4 Nf6 3. e3 e6 4. Nd2 c5 5. c3 Nc6 6. Ngf3 Bd6 7. Bg3 O-O 8. Bd3 Re8 9. e4 dxe4 10. Nxe4 Nxe4 11. Bxe4 cxd4 12. Bxc6 bxc6 13. Bxd6 Qxd6 14. Qxd4 Qxd4 15. Nxd4 c5 16. Nb3 Bb7 17. f3 c4 18. Nc5 Bd5 19. b4 cxb3 20. axb3 Rec8 21. Ra5 Rab8 22. b4 g5 23. Kf2 Ra8 24. Rd1 Rc7 25. Rd4 h6 26. Ke3 Kg7 27. c4 Bc6 28. b5 Bd5 29. cxd5 Rxc5 30. dxe6 fxe6 31. Rd7+ Kf6 32. Kd4 Rf5 33. Rb7 Rd8+ 34. Kc4 Rc8+ 35. Kb4 Rc2 36. Raxa7 Rxg2 37. Rf7+ Ke5 38. Rxf5+ exf5 39. h4 gxh4 40. Rh7 Rg6 41. Kc5 h3 42. b6 Rg2 43. b7 Rb2 44. Kc6 Kf4 45. Rxh6 Kg3 46. f4 h2 47. Kc7 Kg2 48. Rg6+ Kf2 49. Rh6 Kg2 50. Rg6+ Kf3 51. Rh6 Kg2 1/2-1/2

[Event "POL-chT 2 Liga 2019"]
[Site "Poronin"]
[Date "2019.09.12"]
[Round "6.23"]
[White "Szolc, Grzegorz"]
[Black "Statucki, Maciej"]
[Result "1/2-1/2"]
[ECO "D00"]
[WhiteElo "2038"]
[BlackElo "1754"]
[Annotator "NA"]
[PlyCount "87"]
[EventDate "2019.09.07"]
[EventType "team-tourn"]
[EventCountry "POL"]
[SourceTitle "playchess.com"]
[Source "ChessBase"]
[SourceQuality "1"]
[TimeControl "40/5400+30:1800+30"]

1. d4 d5 2. Bf4 Nf6 3. e3 c5 4. c3 Nc6 5. Nd2 e6 6. Ngf3 Bd6 7. Bg3 O-O 8. Bd3 b6 9. e4 dxe4 10. Nxe4 Be7 11. Nxf6+ Bxf6 12. Be4 Bb7 13. dxc5 bxc5 14. Qc2 h6 15. Rd1 Qb6 16. O-O Rfd8 17. Rd2 Rxd2 18. Nxd2 Ba6 19. Re1 Rd8 20. Nf3 Bb7 21. h3 Ne7 22. Bxb7 Qxb7 23. Qb3 Qd5 24. c4 Qd3 25. Qxd3 Rxd3 26. Be5 Nc6 27. Bxf6 gxf6 28. Rb1 Nd4 29. Nxd4 Rxd4 30. b3 Rd2 31. a3 Rc2 32. Kf1 a5 33. Rd1 a4 34. bxa4 Rxc4 35. Rd8+ Kg7 36. Ra8 Rc3 37. a5 Rxa3 38. a6 c4 39. a7 f5 40. Ke2 Kf6 41. f4 h5 42. Kd2 h4 43. Kc2 c3 44. Kd3 {[%emt 0:03:28] Ke5 Ke4+} 1/2-1/2

[Event "POL-chT 2 Liga 2019"]
[Site "Poronin"]
[Date "2019.09.12"]
[Round "6.24"]
[White "Czarniecka, Aleksandra"]
[Black "Szydlowska-Duda, Marta"]
[Result "1/2-1/2"]
[ECO "B01"]
[WhiteElo "2003"]
[BlackElo "1986"]
[Annotator "NA"]
[PlyCount "73"]
[EventDate "2019.09.07"]
[EventType "team-tourn"]
[EventCountry "POL"]
[SourceTitle "playchess.com"]
[Source "ChessBase"]
[SourceQuality "1"]
[TimeControl "40/5400+30:1800+30"]

1. e4 d5 2. exd5 Qxd5 3. Nc3 Qd6 4. d4 Nf6 5. Nf3 a6 6. g3 Bg4 7. h3 Bh5 8. Bg2 Nc6 9. Bf4 Qe6+ 10. Be3 O-O-O 11. O-O Qc4 12. g4 Bg6 13. Nd2 Qb4 14. Nb3 e5 15. Bxc6 bxc6 16. Qe2 exd4 17. Qxa6+ Qb7 18. Qxb7+ Kxb7 19. Nxd4 c5 20. Nf5 h5 21. Bg5 hxg4 22. hxg4 Bxf5 23. gxf5 Rd4 24. f3 Rh5 25. Bxf6 gxf6 26. Ne4 Rxf5 27. c3 Rd3 28. Kg2 c4 29. Rad1 Rb5 30. Rxd3 cxd3 31. b3 f5 32. Nd2 Re5 33. Rd1 Re2+ 34. Kf1 Bc5 35. Nc4 Rf2+ 36. Ke1 Re2+ 37. Kf1 1/2-1/2

[Event "POL-chT 2 Liga 2019"]
[Site "Poronin"]
[Date "2019.09.12"]
[Round "6.25"]
[White "Polok, Kacper"]
[Black "Molenda, Marcin"]
[Result "0-1"]
[ECO "B23"]
[WhiteElo "2307"]
[BlackElo "2373"]
[Annotator "NA"]
[PlyCount "114"]
[EventDate "2019.09.07"]
[EventType "team-tourn"]
[EventCountry "POL"]
[SourceTitle "playchess.com"]
[Source "ChessBase"]
[SourceQuality "1"]
[TimeControl "40/5400+30:1800+30"]

1. e4 c5 2. Nc3 e6 3. Nf3 a6 4. g3 Nc6 5. Bg2 d6 6. O-O Nge7 7. d3 g6 8. Be3 Bg7 9. Qd2 O-O 10. Bh6 e5 11. Bxg7 Kxg7 12. Nh4 Nd4 13. f4 f6 14. Nd1 Be6 15. c3 Ndc6 16. Ne3 exf4 17. gxf4 Bg8 18. d4 cxd4 19. cxd4 d5 20. e5 fxe5 21. fxe5 Qb6 22. Nf3 Nf5 23. Nxf5+ Rxf5 24. Qe3 Raf8 25. Rae1 Rf4 26. Kh1 h6 27. e6 Re4 28. Qa3 Rxe6 29. Ne5 Rxf1+ 30. Rxf1 Qd8 31. Qb3 Re7 32. Qf3 Nxe5 33. Qf6+ Kh7 34. dxe5 Qe8 35. Re1 Qf7 36. Qd6 Qe6 37. Qc5 Qd7 38. Qd4 Be6 39. Rd1 Qd8 40. Qc5 Rd7 41. Rf1 Qg5 42. Qd4 Rc7 43. h4 Qg3 44. Qf4 Qxf4 45. Rxf4 Kg7 46. Rd4 b6 47. Kh2 Rc4 48. Rxc4 dxc4 49. a3 b5 50. Kg3 a5 51. Kf4 b4 52. axb4 axb4 53. Ke3 g5 54. hxg5 hxg5 55. Kd4 g4 56. Be4 Kh6 57. Bd5 g3 0-1

[Event "POL-chT 2 Liga 2019"]
[Site "Poronin"]
[Date "2019.09.12"]
[Round "6.26"]
[White "Czerw, Dawid"]
[Black "Szczepanek, Radoslaw"]
[Result "1/2-1/2"]
[ECO "E97"]
[WhiteElo "2269"]
[BlackElo "2195"]
[Annotator "NA"]
[PlyCount "47"]
[EventDate "2019.09.07"]
[EventType "team-tourn"]
[EventCountry "POL"]
[SourceTitle "playchess.com"]
[Source "ChessBase"]
[SourceQuality "1"]
[TimeControl "40/5400+30:1800+30"]

1. d4 Nf6 2. c4 g6 3. Nc3 Bg7 4. e4 d6 5. Nf3 O-O 6. Be2 e5 7. O-O Nc6 8. d5 Ne7 9. b4 a5 10. bxa5 c5 11. a4 Rxa5 12. Nd2 Nd7 13. Ra3 Ra6 14. Nb5 f5 15. exf5 Nxf5 16. Ne4 Nf6 17. Bd3 Nxe4 18. Bxe4 Nd4 19. f4 Bf5 20. Bxf5 Rxf5 21. fxe5 Bxe5 22. Rxf5 Nxf5 23. Qg4 Ra8 24. Bd2 1/2-1/2

[Event "POL-chT 2 Liga 2019"]
[Site "Poronin"]
[Date "2019.09.12"]
[Round "6.27"]
[White "Malinowski, Damian"]
[Black "Niedbala, Bartlomiej"]
[Result "0-1"]
[ECO "A10"]
[WhiteElo "2038"]
[BlackElo "2145"]
[Annotator "NA"]
[PlyCount "150"]
[EventDate "2019.09.07"]
[EventType "team-tourn"]
[EventCountry "POL"]
[SourceTitle "playchess.com"]
[Source "ChessBase"]
[SourceQuality "1"]
[TimeControl "40/5400+30:1800+30"]

1. c4 f5 2. g3 Nf6 3. Bg2 e6 4. Nf3 Be7 5. O-O O-O 6. b3 d6 7. d4 Ne4 8. Nfd2 Nxd2 9. Bxd2 e5 10. dxe5 dxe5 11. Bc3 Nd7 12. Bb2 c6 13. Qc2 Qc7 14. Nc3 Nf6 15. Rad1 Be6 16. Bh3 Qc8 17. Nb1 f4 18. Bg2 Bf5 19. Qc3 fxg3 20. hxg3 Ng4 21. e3 Bg5 22. f4 Bf6 23. Qe1 e4 24. Bxf6 Rxf6 25. Bh3 Rh6 26. Bxg4 Bxg4 27. Rd2 Bf3 28. Rh2 Rxh2 29. Kxh2 Qg4 30. Rxf3 Qxf3 31. Nd2 Qh5+ 32. Kg2 Rd8 33. b4 Rd6 34. a4 Rh6 35. Nxe4 Qh2+ 36. Kf3 Qh1+ 37. Qxh1 Rxh1 38. Nd6 Ra1 39. Nxb7 Rxa4 40. Nd8 Rxb4 41. Nxc6 Rxc4 42. Nxa7 Rc5 43. Ke4 h5 44. Kd4 Rc1 45. Ke4 Rc5 46. Kd4 Rc2 47. Ke4 Rc4+ 48. Kd5 Rc3 49. Ke4 g5 50. fxg5 Rc5 51. Kf4 Kf7 52. e4 Kg6 53. e5 Rc4+ 54. Kf3 Kxg5 55. Nb5 Rb4 56. Nd6 Rb3+ 57. Kf2 Kg4 58. e6 Rf3+ 59. Ke2 Rf6 60. e7 Re6+ 61. Kf2 Rxe7 62. Nc4 Kh3 63. Nd6 Re6 64. Nc4 Rf6+ 65. Kg1 Kxg3 66. Nd2 Re6 67. Nf1+ Kh3 68. Nd2 h4 69. Kf2 Rf6+ 70. Kg1 Ra6 71. Ne4 Ra1+ 72. Kf2 Kh2 73. Ng5 Ra2+ 74. Kf1 h3 75. Nf3+ Kg3 0-1

[Event "POL-chT 2 Liga 2019"]
[Site "Poronin"]
[Date "2019.09.12"]
[Round "6.28"]
[White "Galuszka, Tomasz"]
[Black "Sochacki, Zenon"]
[Result "1-0"]
[ECO "B19"]
[WhiteElo "2222"]
[BlackElo "1887"]
[Annotator "NA"]
[PlyCount "67"]
[EventDate "2019.09.07"]
[EventType "team-tourn"]
[EventCountry "POL"]
[SourceTitle "playchess.com"]
[Source "ChessBase"]
[SourceQuality "1"]
[TimeControl "40/5400+30:1800+30"]

1. e4 c6 2. d4 d5 3. Nc3 dxe4 4. Nxe4 Bf5 5. Ng3 Bg6 6. h4 h6 7. Nf3 Nd7 8. h5 Bh7 9. Bd3 Bxd3 10. Qxd3 e6 11. Bd2 Ngf6 12. O-O-O Be7 13. Kb1 O-O 14. Ne4 Nxe4 15. Qxe4 Nf6 16. Qe2 Ng4 17. Ne5 Nxe5 18. dxe5 Qc7 19. g4 Rfd8 20. f4 b5 21. g5 Rd5 22. gxh6 gxh6 23. Rhg1+ Kf8 24. f5 Bg5 25. Bxg5 hxg5 26. Rxd5 cxd5 27. Rxg5 exf5 28. Rxf5 Ke7 29. Qf2 Rf8 30. a3 Qd7 31. h6 d4 32. h7 Qc8 33. Qh4+ Kd7 34. Qxd4+ 1-0

[Event "POL-chT 2 Liga 2019"]
[Site "Poronin"]
[Date "2019.09.12"]
[Round "6.29"]
[White "Chrobak, Piotr"]
[Black "Koloczek, Maciej"]
[Result "0-1"]
[ECO "C01"]
[WhiteElo "1713"]
[BlackElo "1932"]
[Annotator "NA"]
[PlyCount "128"]
[EventDate "2019.09.07"]
[EventType "team-tourn"]
[EventCountry "POL"]
[SourceTitle "playchess.com"]
[Source "ChessBase"]
[SourceQuality "1"]
[TimeControl "40/5400+30:1800+30"]

1. e4 e6 2. d4 d5 3. exd5 exd5 4. c4 Nf6 5. Nc3 Bb4 6. Be2 O-O 7. c5 b6 8. cxb6 axb6 9. Nf3 Ne4 10. Qc2 Bf5 11. Bd3 c5 12. O-O Bxc3 13. bxc3 c4 14. Bxe4 Bxe4 15. Qd1 Bxf3 16. Qxf3 Nc6 17. Qd1 Ra7 18. Re1 Qd7 19. Qc2 Rfa8 20. a3 Na5 21. Bb2 Nb7 22. Re5 f6 23. Re3 Re8 24. Rae1 Rxe3 25. Rxe3 Nd6 26. Re1 g6 27. Qe2 Kf7 28. Qd2 Nf5 29. Bc1 Ra5 30. Qf4 Qd6 31. Qd2 h5 32. Qe2 Qd7 33. g4 Ng7 34. h3 hxg4 35. hxg4 Ra8 36. Qf3 Rh8 37. Kg2 Rh4 38. g5 Rg4+ 39. Kf1 Qf5 40. Qxf5 Nxf5 41. gxf6 Kxf6 42. Re8 Re4 43. Rd8 Ne7 44. Rd6+ Re6 45. Bg5+ Kf5 46. Bxe7 Rxe7 47. Rxd5+ Ke4 48. Rg5 Kd3 49. Rg3+ Kc2 50. a4 Ra7 51. d5 Rd7 52. Rxg6 Kxc3 53. Rxb6 Kd2 54. Rb2+ Kd3 55. a5 c3 56. Rb6 c2 57. Rc6 Kd2 58. f4 Rf7 59. a6 Rxf4+ 60. Kg2 c1=Q 61. Rxc1 Kxc1 62. d6 Kd2 63. a7 Rf8 64. d7 Ke3 0-1

[Event "POL-chT 2 Liga 2019"]
[Site "Poronin"]
[Date "2019.09.12"]
[Round "6.30"]
[White "Adamczyk, Zuzanna"]
[Black "Suchanek, Paulina"]
[Result "1-0"]
[ECO "C10"]
[WhiteElo "1938"]
[BlackElo "1574"]
[Annotator "NA"]
[PlyCount "45"]
[EventDate "2019.09.07"]
[EventType "team-tourn"]
[EventCountry "POL"]
[SourceTitle "playchess.com"]
[Source "ChessBase"]
[SourceQuality "1"]
[TimeControl "40/5400+30:1800+30"]

1. e4 e6 2. d4 d5 3. Nd2 dxe4 4. Nxe4 Bd7 5. Nf3 Bc6 6. Bd3 Nd7 7. Qe2 b6 8. Neg5 h6 9. Nxe6 fxe6 10. Bg6+ Ke7 11. Bf5 Ke8 12. Bxe6 Qe7 13. d5 Bb7 14. Nd4 Ngf6 15. c4 Kd8 16. O-O Qd6 17. Re1 Qe7 18. Nf5 Qe8 19. Bf4 Bb4 20. Red1 g5 21. Be5 Nxe5 22. Qxe5 Bc8 23. Qxf6+ 1-0

[Event "POL-chT 2 Liga 2019"]
[Site "Poronin"]
[Date "2019.09.12"]
[Round "6.31"]
[White "Pakleza, Zbigniew"]
[Black "Miroslaw, Michal"]
[Result "1/2-1/2"]
[ECO "B11"]
[WhiteElo "2491"]
[BlackElo "2284"]
[Annotator "ChessBase"]
[PlyCount "104"]
[EventDate "2019.09.07"]
[EventType "team-tourn"]
[EventCountry "POL"]
[SourceTitle "playchess.com"]
[Source "ChessBase"]
[SourceQuality "1"]
[TimeControl "40/5400+30:1800+30"]

1. e4 c6 2. Nf3 d5 3. Nc3 Bg4 4. h3 Bxf3 5. Qxf3 e6 6. d4 Nd7 7. Bd3 dxe4 8. Nxe4 Ngf6 9. c3 Nxe4 10. Qxe4 Nf6 11. Qe2 Bd6 12. Bd2 Qc7 13. g3 O-O-O 14. O-O-O h6 15. Bc2 e5 16. dxe5 Bxe5 17. Rhe1 Rhe8 18. Qf3 Kb8 19. Bb3 Ka8 20. Re2 Rd7 21. Rde1 Rde7 22. Qd3 Bd6 23. Rxe7 Rxe7 24. Rxe7 Qxe7 25. Bxf7 Ne4 26. Be3 Bc5 27. Bxc5 Nxc5 28. Qe3 Qxf7 29. Qxc5 a6 30. a3 g5 31. Qd4 Qe6 32. h4 g4 33. Qd8+ Ka7 34. Qd4+ Ka8 35. Qe3 Qc4 36. Kc2 Qa4+ 37. Kd2 Qb3 38. Kc1 Qc4 39. h5 Qb5 40. Qe8+ Ka7 41. Qf7 Qf1+ 42. Kc2 Qb5 43. Kb1 a5 44. c4 Qc5 45. Kc2 Qe5 46. Kb3 a4+ 47. Ka2 Qc5 48. b3 axb3+ 49. Kxb3 Qb6+ 50. Kc2 Qc5 51. Kb3 Qb6+ 52. Ka2 Qc5 1/2-1/2

[Event "POL-chT 2 Liga 2019"]
[Site "Poronin"]
[Date "2019.09.12"]
[Round "6.32"]
[White "Pyda, Zbigniew"]
[Black "Jakubiec, Artur"]
[Result "0-1"]
[ECO "A87"]
[WhiteElo "2322"]
[BlackElo "2472"]
[Annotator "ChessBase"]
[PlyCount "138"]
[EventDate "2019.09.07"]
[EventType "team-tourn"]
[EventCountry "POL"]
[SourceTitle "playchess.com"]
[Source "ChessBase"]
[SourceQuality "1"]
[TimeControl "40/5400+30:1800+30"]

1. d4 f5 2. g3 Nf6 3. Bg2 g6 4. c4 Bg7 5. Nf3 O-O 6. b4 c6 7. O-O d5 8. Nbd2 Ne4 9. Qc2 Be6 10. c5 a5 11. bxa5 Qxa5 12. Bb2 Nd7 13. e3 Qa4 14. Rfc1 Bf7 15. Nb3 Ra7 16. Bf1 g5 17. Ne1 g4 18. Nd3 Bg6 19. Nf4 Ng5 20. h4 gxh3 21. Nxh3 Nf3+ 22. Kg2 f4 23. Bd3 Bxd3 24. Qxd3 fxg3 25. fxg3 e5 26. Rf1 e4 27. Qe2 Qc4 28. Rf2 Rfa8 29. Nc1 Nf6 30. a3 Ng4 31. Rxf3 exf3+ 32. Kxf3 Qxe2+ 33. Nxe2 Nf6 34. Nf2 Re8 35. Nc3 Re7 36. Bc1 Ra8 37. Rb1 Bh6 38. Rb3 Rae8 39. Ne2 Bg5 40. Nh3 h6 41. a4 Ne4 42. g4 Ra8 43. Rb4 Bh4 44. Nhf4 Be1 45. Rb2 Rxa4 46. Nd3 Bh4 47. Nef4 Bg5 48. Ng6 Rf7+ 49. Kg2 Ra1 50. Rc2 Kg7 51. Nge5 Re7 52. Nf3 Rb1 53. Nde5 Rb3 54. Ra2 Bf6 55. Bd2 Nxd2 56. Rxd2 Rxe3 57. Kf2 Re4 58. Kg3 Bg5 59. Rb2 Bf4+ 60. Kh4 Bxe5 61. dxe5 Kh7 62. Kh5 Rf4 63. Rb3 Rg7 64. g5 Rxf3 65. Rxf3 Rxg5+ 66. Kh4 Rxe5 67. Rf7+ Kg6 68. Rxb7 Re4+ 69. Kg3 Rc4 0-1

[Event "POL-chT 2 Liga 2019"]
[Site "Poronin"]
[Date "2019.09.12"]
[Round "6.33"]
[White "Tymrakiewicz, Rafal"]
[Black "Maka, Marcin"]
[Result "1-0"]
[ECO "B21"]
[WhiteElo "2257"]
[BlackElo "2108"]
[Annotator "NA"]
[PlyCount "91"]
[EventDate "2019.09.07"]
[EventType "team-tourn"]
[EventCountry "POL"]
[SourceTitle "playchess.com"]
[Source "ChessBase"]
[SourceQuality "1"]
[TimeControl "40/5400+30:1800+30"]

1. e4 c5 2. d4 cxd4 3. c3 dxc3 4. Nxc3 Nc6 5. Nf3 e6 6. Bc4 a6 7. O-O d6 8. Qe2 Nge7 9. Bg5 h6 10. Bh4 Qb6 11. Bg3 Ng6 12. Kh1 Be7 13. Rad1 Nce5 14. Bb3 O-O 15. Nd2 Qc7 16. f4 Nc6 17. f5 Nd4 18. Qh5 Ne5 19. f6 Bxf6 20. Rxf6 gxf6 21. Qxh6 Qe7 22. Rf1 Re8 23. Bh4 Qf8 24. Qh5 Qg7 25. Bxf6 Qh7 26. Qg5+ Qg6 27. Qh4 Qh7 28. Qf4 Nxb3 29. axb3 Qh5 30. Nf3 Ng4 31. e5 Qf5 32. Qg3 dxe5 33. Nd2 Qg6 34. Nde4 Kf8 35. Bg5 f5 36. Qxg4 Kg7 37. Bf6+ Kh7 38. Qh4+ Qh6 39. Qg3 Rg8 40. Ng5+ Kg6 41. Nce4 Qh5 42. Nf3+ Kf7 43. Nxe5+ Kf8 44. Be7+ Kxe7 45. Qxg8 fxe4 46. Qf8# 1-0

[Event "POL-chT 2 Liga 2019"]
[Site "Poronin"]
[Date "2019.09.12"]
[Round "6.34"]
[White "Polkowski, Piotr"]
[Black "Szoen, Dariusz"]
[Result "1-0"]
[ECO "A11"]
[WhiteElo "2109"]
[BlackElo "2415"]
[Annotator "NA"]
[PlyCount "91"]
[EventDate "2019.09.07"]
[EventType "team-tourn"]
[EventCountry "POL"]
[SourceTitle "playchess.com"]
[Source "ChessBase"]
[SourceQuality "1"]
[TimeControl "40/5400+30:1800+30"]

1. e4 a6 2. Nc3 b5 3. a4 b4 4. Nce2 Bb7 5. Ng3 Nf6 6. e5 Nd5 7. d4 e6 8. Nf3 d6 9. Bd3 c5 10. exd6 Bxd6 11. dxc5 Bxc5 12. O-O Nd7 13. Ng5 N7f6 14. N3e4 Nxe4 15. Nxe4 Be7 16. Qg4 g6 17. Qg3 f5 18. Qe5 Kf7 19. Ng3 Bf6 20. Qe2 Qd6 21. Re1 Rhe8 22. f3 Nf4 23. Bxf4 Qxf4 24. Bc4 Bd5 25. Bxa6 Bxb2 26. Rad1 Bc3 27. Rf1 Kg7 28. Bb5 Red8 29. Qf2 Qc7 30. Ne2 Bb2 31. Rd2 Ba2 32. Rfd1 Rxd2 33. Rxd2 Rd8 34. Rxd8 Qxd8 35. Qe1 Qd6 36. Kf1 Be5 37. Qc1 Qc5 38. h3 Kf7 39. Qd2 Bd5 40. Qd3 Bf6 41. Nf4 Bh4 42. Qd2 Ba2 43. Nd3 Bc4 44. Bxc4 Qxc4 45. Qxb4 Qxc2 46. Ne5+ 1-0

[Event "POL-chT 2 Liga 2019"]
[Site "Poronin"]
[Date "2019.09.12"]
[Round "6.35"]
[White "Gmaj, Krzysztof"]
[Black "Fraczek, Dariusz"]
[Result "1/2-1/2"]
[ECO "A40"]
[WhiteElo "2120"]
[BlackElo "2033"]
[Annotator "NA"]
[PlyCount "49"]
[EventDate "2019.09.07"]
[EventType "team-tourn"]
[EventCountry "POL"]
[SourceTitle "playchess.com"]
[Source "ChessBase"]
[SourceQuality "1"]
[TimeControl "40/5400+30:1800+30"]

1. d4 e6 2. Nf3 f5 3. e3 Nf6 4. Be2 b6 5. c4 Bb7 6. O-O Be7 7. Nc3 O-O 8. d5 Bd6 9. a3 a5 10. b3 Na6 11. Bb2 Nc5 12. Nd4 Nfe4 13. Nxe4 Nxe4 14. Nb5 Be7 15. dxe6 dxe6 16. Qxd8 Raxd8 17. Rfd1 c6 18. Nd4 Kf7 19. Nf3 Bf6 20. Ne5+ Ke7 21. Bd3 Nc5 22. Bc2 Rxd1+ 23. Rxd1 Rd8 24. Bd4 Nd7 25. Nxd7 1/2-1/2

[Event "POL-chT 2 Liga 2019"]
[Site "Poronin"]
[Date "2019.09.12"]
[Round "6.36"]
[White "Fraczek, Weronika"]
[Black "Kubicka, Anna"]
[Result "0-1"]
[ECO "B22"]
[WhiteElo "1875"]
[BlackElo "2225"]
[Annotator "NA"]
[PlyCount "120"]
[EventDate "2019.09.07"]
[EventType "team-tourn"]
[EventCountry "POL"]
[SourceTitle "playchess.com"]
[Source "ChessBase"]
[SourceQuality "1"]
[TimeControl "40/5400+30:1800+30"]

1. e4 c5 2. c3 Nf6 3. e5 Nd5 4. d4 cxd4 5. cxd4 Nc6 6. Nf3 d6 7. a3 e6 8. Bc4 Nb6 9. Bd3 Qc7 10. Qc2 dxe5 11. Nxe5 Bd6 12. Nxc6 bxc6 13. h3 h6 14. Nc3 Nd5 15. Nxd5 cxd5 16. Qxc7 Bxc7 17. Bd2 Bb6 18. Bc3 a5 19. a4 Ba6 20. Kd2 Kd7 21. f4 Bxd3 22. Kxd3 Bc7 23. Rhf1 g6 24. Ra3 Rab8 25. Kc2 h5 26. Rb3 Rxb3 27. Kxb3 Rb8+ 28. Kc2 Ke7 29. Kd3 Kf6 30. Rf2 Kf5 31. g3 Rb7 32. Ke3 Rb3 33. Kd3 Bd8 34. Re2 Rb7 35. Re5+ Kf6 36. Re2 Bc7 37. Rf2 Kf5 38. Ke3 Rb3 39. Kd3 Rb8 40. Ke3 Bb6 41. Kd3 Rc8 42. Rf1 f6 43. Rc1 Bd8 44. Rc2 Rb8 45. Rf2 Bc7 46. Rf1 Bd6 47. Rf3 Bb4 48. b3 Bxc3 49. Kxc3 Ke4 50. Rf1 Rc8+ 51. Kb2 Kxd4 52. Rd1+ Ke4 53. Re1+ Kf5 54. b4 axb4 55. a5 Ra8 56. Kb3 Rxa5 57. Kxb4 Ra6 58. Kb5 Rd6 59. Kc5 Rd8 60. Kd4 g5 0-1

[Event "POL-chT 2 Liga 2019"]
[Site "Poronin"]
[Date "2019.09.12"]
[Round "6.37"]
[White "Helis, Tadeusz"]
[Black "Sieciechowicz, Marcin"]
[Result "1/2-1/2"]
[ECO "A04"]
[WhiteElo "2166"]
[BlackElo "2364"]
[Annotator "NA"]
[PlyCount "42"]
[EventDate "2019.09.07"]
[EventType "team-tourn"]
[EventCountry "POL"]
[SourceTitle "playchess.com"]
[Source "ChessBase"]
[SourceQuality "1"]
[TimeControl "40/5400+30:1800+30"]

1. Nf3 g6 2. c4 Bg7 3. g3 e5 4. Nc3 Nc6 5. Bg2 d6 6. d3 h6 7. O-O Be6 8. Nd5 Qd7 9. Qa4 Nge7 10. Ne1 Bxd5 11. cxd5 Nd4 12. Qd1 c6 13. e3 Nb5 14. dxc6 bxc6 15. Qa4 O-O 16. Bd2 d5 17. Rc1 Qb7 18. Bb4 Rfe8 19. Nc2 a5 20. Bc5 Nc8 21. Na3 Nc7 1/2-1/2

[Event "POL-chT 2 Liga 2019"]
[Site "Poronin"]
[Date "2019.09.12"]
[Round "6.38"]
[White "Grela, Kacper"]
[Black "Okrucinski, Tadeusz"]
[Result "1-0"]
[ECO "B66"]
[WhiteElo "2346"]
[BlackElo "2164"]
[Annotator "NA"]
[PlyCount "66"]
[EventDate "2019.09.07"]
[EventType "team-tourn"]
[EventCountry "POL"]
[SourceTitle "playchess.com"]
[Source "ChessBase"]
[SourceQuality "1"]
[TimeControl "40/5400+30:1800+30"]

1. e4 c5 2. Nf3 Nc6 3. d4 cxd4 4. Nxd4 Nf6 5. Nc3 d6 6. Bg5 e6 7. Qd2 a6 8. O-O-O h6 9. Nxc6 bxc6 10. Bf4 d5 11. Qe3 Be7 12. Be2 O-O 13. e5 Nd7 14. h4 Qb6 15. Qg3 Qc7 16. Rh3 Kh8 17. Re1 Rg8 18. Bh5 g6 19. Bxh6 Bf8 20. Bxf8 gxh5 21. Bd6 Rxg3 22. Bxc7 Rxg2 23. Rf3 Kg8 24. Ne2 Rg4 25. Rg1 Rxg1+ 26. Nxg1 f6 27. exf6 Kf7 28. Nh3 Bb7 29. Ng5+ Kg6 30. f7 c5 31. Bd6 Nf8 32. Bxf8 Rxf8 33. Nxe6 Bc8 1-0

[Event "POL-chT 2 Liga 2019"]
[Site "Poronin"]
[Date "2019.09.12"]
[Round "6.39"]
[White "Walkusz, Witoslaw"]
[Black "Komendecki, Jacek"]
[Result "1-0"]
[ECO "B40"]
[WhiteElo "2061"]
[BlackElo "2073"]
[Annotator "NA"]
[PlyCount "47"]
[EventDate "2019.09.07"]
[EventType "team-tourn"]
[EventCountry "POL"]
[SourceTitle "playchess.com"]
[Source "ChessBase"]
[SourceQuality "1"]
[TimeControl "40/5400+30:1800+30"]

1. e4 c5 2. Nf3 e6 3. b3 a6 4. Bb2 Nc6 5. Bd3 d5 6. O-O d4 7. e5 Nge7 8. c3 dxc3 9. dxc3 Qc7 10. Re1 Ng6 11. c4 Be7 12. Nbd2 O-O 13. g3 b6 14. Qe2 Bb7 15. Rad1 Rad8 16. h4 Rfe8 17. h5 Nf8 18. Ne4 h6 19. Nf6+ Bxf6 20. exf6 Nd4 21. Nxd4 cxd4 22. Qg4 g6 23. hxg6 fxg6 24. Bxg6 1-0

[Event "POL-chT 2 Liga 2019"]
[Site "Poronin"]
[Date "2019.09.12"]
[Round "6.40"]
[White "Kowalak, Piotr"]
[Black "Kubica, Kamil"]
[Result "0-1"]
[ECO "C45"]
[WhiteElo "2108"]
[BlackElo "2099"]
[Annotator "NA"]
[PlyCount "104"]
[EventDate "2019.09.07"]
[EventType "team-tourn"]
[EventCountry "POL"]
[SourceTitle "playchess.com"]
[Source "ChessBase"]
[SourceQuality "1"]
[TimeControl "40/5400+30:1800+30"]

1. e4 e5 2. Nf3 Nc6 3. d4 exd4 4. Nxd4 Bc5 5. Be3 Qf6 6. c3 Nge7 7. Qd2 a6 8. f4 Bxd4 9. cxd4 d5 10. Nc3 O-O 11. e5 Qg6 12. Bd3 Bf5 13. Bxf5 Nxf5 14. O-O Rad8 15. Rad1 Nce7 16. Bf2 h5 17. Qd3 Qh6 18. Be1 b6 19. Na4 Qc6 20. b3 Qb5 21. Rf3 g6 22. Rc1 Rc8 23. Bf2 Ng7 24. h3 Ne6 25. Qd2 Qd7 26. g4 Ng7 27. Rg3 f5 28. exf6 Rxf6 29. Be3 hxg4 30. hxg4 Ne8 31. Nc3 Nd6 32. Qg2 c6 33. Kf2 Rcf8 34. Re1 b5 35. b4 a5 36. a3 axb4 37. axb4 Nc4 38. Bc1 Re6 39. Rh1 Qa7 40. Ne2 Qa2 41. Re1 Re8 42. Kf1 Nc8 43. f5 Re4 44. fxg6 Qc2 45. Qh2 R4e7 46. Rh3 Qxg6 47. Rh8+ Kg7 48. Rh6 Rf7+ 49. Kg2 Qxg4+ 50. Ng3 Qf3+ 51. Kh3 Rxe1 52. Kh4 Rf4+ 0-1